 Dungeon Sprint DCSS version 0.22.1-6-g1668fe2 (webtiles) character file.

3880 doot the Basher (level 10, -20/129 HPs)
             Began as a Gnoll Berserker on Jan 24, 2019.
             Was a High Priest of Trog.
             Blown up by an eye of devastation (27 damage)
             ... with a bolt of energy
             ... in the Dungeon (Sprint V: "Ziggurat Sprint").
             The game lasted 00:04:32 (664 turns).

doot the Basher (Gnoll Berserker)                    Turns: 664, Time: 00:04:33

Health: -20/129    AC: 22    Str: 31    XL:     10   Next: 19%
Magic:  18/20      EV:  9    Int: 11    God:    Trog [*****.]
Gold:   0          SH: 22    Dex: 22    Spells: 26/26 levels left

rFire    + . .     SeeInvis .   l - +5 demon whip
rCold    + . .     Gourm    .   k - +3 large shield
rNeg     . . .     Faith    +   j - +5 gold dragon scales
rPois    +         Spirit   .   (no helmet)
rElec    .         Reflect  .   (no cloak)
rCorr    .         Harm     .   (no gloves)
MR       .....     NoTele   +   (no boots)
Stlth    ..........             N - amulet of faith
HPRegen  0.31/turn              G - +6 ring of strength
MPRegen  0.17/turn              C - +6 ring of dexterity

@: berserking, very quick
A: distributed training, fangs 1, low mp 1, no potion heal 1, subdued magic 1,
strong nose
a: Berserk, Trog's Hand, Brothers in Arms, Renounce Religion


You were in the Dungeon.
You worshipped Trog.
Trog was extremely pleased with you.
You were near starving.

You visited 1 branch

Inventory:

Hand Weapons
 a - a +0 mace
 l - a +5 demon whip (weapon)
 m - a +5 great mace
 I - the +10 dark maul {crush}
   (You found it in the Dungeon)

   It inflicts extra damage upon your enemies.
 J - the +7 great mace "Firestarter" {inner flame, rF++}
   (You found it in the Dungeon)

   It has been specially enchanted to burn those struck by it, causing extra
   injury to most foes and up to half again as much damage against particularly
   susceptible opponents.
   It greatly protects you from fire.
 R - a +1 longbow of flaming
Missiles
 Q - 2 javelins of penetration (quivered)
Armour
 b - a +0 animal skin
 j - +5 gold dragon scales (worn)
 k - a +3 large shield (worn)
Jewellery
 C - a +6 ring of dexterity (right hand)
 D - a +6 ring of dexterity
 E - a +6 ring of intelligence
 F - a +6 ring of intelligence
 G - a +6 ring of strength (left hand)
 H - a +6 ring of strength
 L - an uncursed ring of resist corrosion
 N - an amulet of faith (around neck)
 P - an uncursed ring of see invisible
 S - the amulet of the Four Winds {rN+ MR+++ Clar}
   (You found it in the Dungeon)

   [amulet of nothing]

   It protects you from negative energy.
   It affects your resistance to hostile enchantments.
   It protects you against confusion.
Wands
 z - a wand of disintegration (7)
 A - a wand of iceblast (7)
 B - a wand of acid (7)
Scrolls
 i - 4 scrolls of blinking
 n - 7 scrolls of fog
 o - a scroll of holy word
 p - 4 scrolls of identify
 q - 5 scrolls of remove curse
 r - 2 scrolls of fear
 y - 4 scrolls of amnesia
 M - a scroll of brand weapon
Potions
 d - 10 potions of curing
 e - 10 potions of heal wounds
 f - 6 potions of haste
 g - 7 potions of magic
 h - 3 potions of berserk rage
 s - 2 potions of brilliance
 t - 2 potions of invisibility
 u - 4 potions of resistance
 v - a potion of experience
 w - 5 potions of agility
 x - 5 potions of might
Miscellaneous
 K - 2 boxes of beasts
 O - a lamp of fire
Comestibles
 c - 7 rations


   Skills:
 + Level 10.6 Fighting
 + Level 8.5 Short Blades
 + Level 8.5 Long Blades
 + Level 8.5 Axes
 + Level 10.6 Maces & Flails
 + Level 8.5 Polearms
 + Level 8.5 Staves
 + Level 8.5 Slings
 + Level 8.5 Bows
 + Level 8.5 Crossbows
 + Level 8.5 Throwing
 + Level 9.6 Armour
 + Level 9.6 Dodging
 + Level 8.5 Stealth
 + Level 8.5 Shields
 + Level 8.5 Unarmed Combat
 + Level 8.5 Spellcasting
 + Level 7.0 Conjurations
 + Level 7.0 Hexes
 + Level 7.0 Charms
 + Level 7.0 Summonings
 + Level 7.0 Necromancy
 + Level 7.0 Translocations
 + Level 7.0 Transmutations
 + Level 7.0 Fire Magic
 + Level 7.0 Ice Magic
 + Level 7.0 Air Magic
 + Level 7.0 Earth Magic
 + Level 7.0 Poison Magic
 + Level 9.2 Invocations
 + Level 8.5 Evocations


You had 26 spell levels left.
You didn't know any spells.
Your spell library contained the following spells:

 Spells                   Type           Power        Failure   Level  Hunger
 Beastly Appendage        Tmut           ###...       83%         1    None
 Summon Small Mammal      Summ           ###.         83%         1    None
 Call Imp                 Summ           ###.....     92%         2    #......
 Ensorcelled Hibernation  Hex/Ice        ###...       92%         2    #......
 Sticks to Snakes         Tmut           ###.....     92%         2    #......
 Call Canine Familiar     Summ           ###.....     99%         3    ##.....
 Spectral Weapon          Hex/Chrm       ###.....     99%         3    ##.....
 Spider Form              Tmut/Pois      ###.......   99%         3    ##.....
 Static Discharge         Conj/Air       ###.....     99%         3    ##.....
 Summon Guardian Golem    Hex/Summ       ###.....     99%         3    ##.....
 Ice Form                 Ice/Tmut       ###.....     100%        4    ####...
 Leda's Liquefaction      Hex/Erth       ###.......   100%        4    ####...
 Summon Ice Beast         Ice/Summ       ###.....     100%        4    ####...
 Summon Lightning Spire   Summ/Air       ###.....     100%        4    ####...
 Blade Hands              Tmut           ###.......   100%        5    ######.
 Borgnjor's Vile Clutch   Necr/Erth      ###.......   100%        5    ######.
 Lightning Bolt           Conj/Air       ###.......   100%        5    ######.
 Silence                  Hex/Air        ###.......   100%        5    ######.
 Summon Mana Viper        Hex/Summ       ###.....     100%        5    ######.
 Yara's Violent Unravell  Hex/Tmut       ###.......   100%        5    ######.
 Darkness                 Hex            ###.......   100%        6    #######
 Shadow Creatures         Summ           N/A          100%        6    #######
 Ignition                 Fire           ###.......   100%        8    #######
 Shatter                  Erth           ###.......   100%        9    #######
 Tornado                  Air            ###.......   100%        9    #######


Dungeon Overview and Level Annotations

Branches:
Dungeon (1/1)

Altars:
Ashenzari
Cheibriados
Dithmenos
Elyvilon
Fedhas
Gozag
Hepliaklqana
Kikubaaqudgha
Makhleb
Nemelex Xobeh
Okawaru
Qazlal
Ru
Sif Muna
Trog
Uskayaw
Vehumet
Wu Jian
Xom
Yredelemnul
Zin
The Shining One
Beogh
Jiyva
Lugonu


Innate Abilities, Weirdness & Mutations

Your experience applies equally to all skills.
You have very sharp teeth.
Your uncanny sense of smell can sniff out nearby items.
Your magical capacity is low. (-10% MP)
Potions are less effective at restoring your health.
Your spells are a little easier to cast, but a little less powerful.


Message History

Your Earth Magic skill increases to level 7!
Your Poison Magic skill increases to level 7!
The eye of devastation gazes at you. The bolt of energy hits you!
* * * LOW HITPOINT WARNING * * *
Unknown command.
You whack the eye of devastation!
The eye of devastation is lightly wounded.
You block the ooze's attack.
Unknown command.
You hit the eye of devastation but do no damage.
The eye of devastation is lightly wounded.
You block the slime creature's attack.
Unknown command.
You hit the eye of devastation but do no damage.
You bite the eye of devastation.
The eye of devastation is moderately wounded.
The eye of devastation gazes at you. The bolt of energy hits you!
You die...

∆
▓..|)}(.▓
▓..:=|..▓
▓.......▓
▓.......▓
▓.......▓
▓.......▓
▓....J.J▓
▓...©G@.▓
▓▓▓▓▓▓▓▓▓
∆∆∆∆∆
∆∆∆∆


You could see a slime creature, an eye of devastation and an ooze.

Vanquished Creatures
  A white draconian (D)
  2 shining eyes (D)
  3 draconians (D)
  A yaktaur (D)
  A spriggan (D)
  A hell hound (D)
  A floating eye (D)
  A black bear (D)
  An orc warrior (D)
  A centaur (D)
  A wolf (D)
  3 orc priests (D)
  3 orc wizards (D)
  An ufetubus (D)
  An adder zombie (D)
  An adder skeleton (D)
23 creatures vanquished.

Vanquished Creatures (collateral kills)
  An orc warrior (D)
  An orc priest (D)
  An orc (D)
3 creatures vanquished.

Vanquished Creatures (others)
  An azure jelly (D)
  Jessica (D)
  Ijyb (D)
  A bat skeleton (D)
4 creatures vanquished.

Grand Total: 30 creatures vanquished

Notes
Turn   | Place    | Note
-------+----------+-------------------------------------------
     0 | D        | Found the +6 Majin-Bo {vamp, Archmagi MP+6 Int+6}
     0 | D        | Found the +7 great mace "Firestarter" {inner flame, rF++}
     0 | D        | doot the Gnoll Berserker began the quest for the Orb.
     0 | D        | Reached XP level 1. HP: 23/23 MP: 1/1
    13 | D        | Found a blossoming altar of Fedhas.
    20 | D        | Found a viscous altar of Jiyva.
    20 | D        | Found a transporter.
    20 | D        | Found a hazy altar of Hepliaklqana.
    20 | D        | Found an ancient bone altar of Kikubaaqudgha.
    20 | D        | Found an opulent altar of Gozag.
    20 | D        | Found a corrupted altar of Lugonu.
    30 | D        | Found a burning altar of Makhleb.
    31 | D        | Found a sacrificial altar of Ru.
    31 | D        | Found a stormy altar of Qazlal.
    31 | D        | Found a deep blue altar of Sif Muna.
    31 | D        | Found an iron altar of Okawaru.
    31 | D        | Found a bloodstained altar of Trog.
    31 | D        | Found a sparkling altar of Nemelex Xobeh.
    57 | D        | Found the +9 heavy crossbow "Sniper" {velocity, Acc+∞ SInv}
    57 | D        | Found the +10 dark maul {crush}
    57 | D        | Found the +15 Maxwell's patent armour {-Cast -Tele rElec
                  | MR+ rCorr}
    57 | D        | Found the +18 shield of the Gong {rElec rN+ MR+ EV-5}
    57 | D        | Found the cursed +14 obsidian axe {chop, +Fly SInv *Curse}
    59 | D        | Found the +6 shillelagh "Devastator" {shatter}
    59 | D        | Found the +11 plutonium sword {*Contam Stlth-}
    59 | D        | Found the +8 lance "Wyrmbane" {slay drac, rPois rF+ rC+
                  | AC+3}
    59 | D        | Found the +9 sword of Zonguldrok {reap}
    59 | D        | Found the cursed +13 scythe of Curses {drain, *Curse}
    59 | D        | Found the +0 sword of Power
    59 | D        | Found the +7 mace of Variability {chain chaos}
    59 | D        | Found the +7 Singing Sword
    59 | D        | Found the +7 longbow "Piercer" {penet, EV-2}
    68 | D        | Entered arena 2.
    68 | D        | Noticed a centaur
    68 | D        | Noticed a yaktaur
    68 | D        | Found a transporter.
    75 | D        | Killed a centaur
    75 | D        | Reached skill level 5 in Armour
    75 | D        | Reached skill level 5 in Dodging
    75 | D        | Reached XP level 2. HP: 28/31 MP: 1/5
    75 | D        | Reached XP level 3. HP: 33/36 MP: 1/6
    75 | D        | Reached XP level 4. HP: 39/43 MP: 1/7
    78 | D        | Killed a yaktaur
    78 | D        | Reached skill level 5 in Invocations
    78 | D        | Reached XP level 5. HP: 45/49 MP: 1/11
    78 | D        | Reached XP level 6. HP: 51/56 MP: 1/12
   163 | D        | Entered arena 3.
   163 | D        | Noticed a spriggan
   163 | D        | Noticed a black bear
   163 | D        | Found a transporter.
   169 | D        | Reached ** piety under Trog
   171 | D        | Killed a spriggan
   171 | D        | Reached skill level 5 in Short Blades
   171 | D        | Reached skill level 5 in Long Blades
   171 | D        | Reached skill level 5 in Axes
   171 | D        | Reached skill level 5 in Polearms
   171 | D        | Reached skill level 5 in Staves
   171 | D        | Reached skill level 5 in Slings
   171 | D        | Reached skill level 5 in Bows
   171 | D        | Reached skill level 5 in Crossbows
   171 | D        | Reached skill level 5 in Throwing
   171 | D        | Reached skill level 5 in Stealth
   171 | D        | Reached skill level 5 in Shields
   171 | D        | Reached skill level 5 in Unarmed Combat
   171 | D        | Reached skill level 5 in Spellcasting
   171 | D        | Reached skill level 5 in Evocations
   171 | D        | Reached XP level 7. HP: 61/63 MP: 12/15
   193 | D        | Entered arena 4.
   193 | D        | Noticed a white draconian
   193 | D        | Noticed a draconian
   193 | D        | Noticed a draconian
   193 | D        | Noticed a draconian
   193 | D        | Found a transporter.
   202 | D        | Killed a draconian
   202 | D        | Reached skill level 5 in Conjurations
   202 | D        | Reached skill level 5 in Hexes
   202 | D        | Reached skill level 5 in Charms
   202 | D        | Reached skill level 5 in Summonings
   202 | D        | Reached skill level 5 in Necromancy
   202 | D        | Reached skill level 5 in Translocations
   202 | D        | Reached skill level 5 in Transmutations
   202 | D        | Reached skill level 5 in Fire Magic
   202 | D        | Reached skill level 5 in Ice Magic
   202 | D        | Reached skill level 5 in Air Magic
   202 | D        | Reached skill level 5 in Earth Magic
   202 | D        | Reached skill level 5 in Poison Magic
   202 | D        | Reached XP level 8. HP: 71/71 MP: 15/17
   209 | D        | Killed a draconian
   209 | D        | Reached *** piety under Trog
   216 | D        | Killed a white draconian
   216 | D        | Reached XP level 9. HP: 67/78 MP: 16/20
   226 | D        | Killed a draconian
   226 | D        | Reached skill level 10 in Fighting
   226 | D        | Reached skill level 10 in Maces & Flails
   235 | D        | Killed Jessica
   357 | D        | Entered arena 5.
   357 | D        | Found a transporter.
   360 | D        | Reached **** piety under Trog
   372 | D        | Reached ***** piety under Trog
   372 | D        | Received a gift from Trog
   404 | D        | Entered arena 6.
   404 | D        | Found a transporter.
   411 | D        | Received a gift from Trog
   417 | D        | Received a gift from Trog
   454 | D        | Killed an azure jelly
   494 | D        | Entered arena 7.
   495 | D        | Found the amulet of the Four Winds {rN+ MR+++ Clar}
   495 | D        | Found a transporter.
   498 | D        | Received a gift from Trog
   521 | D        | Got Sif Muna's Volume of Bewitchment
   621 | D        | Killed Ijyb
   644 | D        | Entered arena 8.
   644 | D        | Noticed an eye of devastation
   644 | D        | Noticed a shining eye
   644 | D        | Noticed a shining eye
   646 | D        | Gained mutation: Your spells are a little easier to cast,
                  | but a little less powerful. [a shining eye]
   648 | D        | Paralysed by a floating eye for 2 turns
   655 | D        | Gained mutation: Potions are less effective at restoring
                  | your health. [a shining eye]
   657 | D        | Gained mutation: Your magical capacity is low. (-10% MP) [a
                  | shining eye]
   658 | D        | Killed a shining eye
   658 | D        | Received a gift from Trog
   658 | D        | Reached XP level 10. HP: 50/86 MP: 18/20
   661 | D        | Killed a shining eye
   664 | D        | Blown up by an eye of devastation

Skill      XL: |  1  2  3  4  5  6  7  8  9 10 |
---------------+-------------------------------+-----
Fighting       | 7 8 9 10 | 10.6
Short Blades   | 2 4 5 6 7 8 |  8.5
Long Blades    | 2 4 5 6 7 8 |  8.5
Axes           | 2 4 5 6 7 8 |  8.5
Maces & Flails | 7 8 9 10 | 10.6
Polearms       | 2 4 5 6 7 8 |  8.5
Staves         | 2 4 5 6 7 8 |  8.5
Slings         | 2 4 5 6 7 8 |  8.5
Bows           | 2 4 5 6 7 8 |  8.5
Crossbows      | 2 4 5 6 7 8 |  8.5
Throwing       | 2 4 5 6 7 8 |  8.5
Armour         | 5 6 7 8 9 |  9.6
Dodging        | 5 6 7 8 9 |  9.6
Stealth        | 2 4 5 6 7 8 |  8.5
Shields        | 2 4 5 6 7 8 |  8.5
Unarmed Combat | 2 4 5 6 7 8 |  8.5
Spellcasting   | 2 4 5 6 7 8 |  8.5
Conjurations   | 2 3 4 5 6 7 |  7.0
Hexes          | 2 3 4 5 6 7 |  7.0
Charms         | 2 3 4 5 6 7 |  7.0
Summonings     | 2 3 4 5 6 7 |  7.0
Necromancy     | 2 3 4 5 6 7 |  7.0
Translocations | 2 3 4 5 6 7 |  7.0
Transmutations | 2 3 4 5 6 7 |  7.0
Fire Magic     | 2 3 4 5 6 7 |  7.0
Ice Magic      | 2 3 4 5 6 7 |  7.0
Air Magic      | 2 3 4 5 6 7 |  7.0
Earth Magic    | 2 3 4 5 6 7 |  7.0
Poison Magic   | 2 3 4 5 6 7 |  7.0
Invocations    | 2 5 6 8 9 |  9.2
Evocations     | 2 4 5 6 7 8 |  8.5

Action                   |  1- 3 |  4- 6 |  7- 9 | 10-12 || total
-------------------------+-------+-------+-------+-------++-------
Melee: Demon whip        |     6 |     9 |    71 |     5 ||    91
       Bite              |     4 |       |    23 |     2 ||    29
Throw: Javelin           |       |       |     1 |       ||     1
Invok: Berserk           |       |       |     1 |     1 ||     2
       Brothers in Arms  |       |       |     1 |       ||     1
  Use: Scroll            |       |       |     1 |       ||     1
Armor: Gold dragon scale |     6 |     2 |    18 |       ||    26
Dodge: Dodged            |       |     1 |     7 |     1 ||     9
Block: Large shield      |     5 |     9 |    60 |     7 ||    81
